 Dungeon Crawl Stone Soup version 0.30-a0-34-gbe8da3892a (webtiles) character file.

Game seed: 16907224011776489455

20574 PyroL the Warrior (level 12, -1/98 HPs)
             Began as a Barachi Fighter on Aug 26, 2022.
             Was an Elder of Hepliaklqana.
             Slain by a komodo dragon (6 damage)
             ... on level 3 of the Lair of Beasts on Aug 27, 2022.
             The game lasted 00:51:06 (14502 turns).

PyroL the Warrior (Barachi Fighter)                Turns: 14502, Time: 00:51:06

Health: -1/98      AC: 19    Str: 22    XL:     12   Next: 80%
Magic:  12/12      EV: 12    Int: 18    God:    Hepliaklqana [****..]
Gold:   751        SH:  4    Dex: 11    Spells: 11/11 levels left

rFire   . . .      SeeInvis +    A - +10 spear "Akamae" {venom, Contam *Noise rN+++ Int+8}
rCold   . . .      Faith    .    c - +0 buckler
rNeg    + + +      Spirit   .    P - +1 chain mail {rN+}
rPois   +          Reflect  .    E - +2 hat
rElec   .          Harm     .    e - +2 cloak
rCorr   .          Rampage  .    (no gloves)
Will    .....                    u - +0 pair of boots
Stlth   ..........               (no amulet)
HPRegen 0.26/turn                r - ring of poison resistance
MPRegen 0.13/turn                J - ring of see invisible

@: unable to hop, slow
A: reduced essence, amphibious, slowness 1, strong legs 1, +LOS
a: Hop, Renounce Religion, Recall Ancestor, Ancestor Identity, Transference,
Idealise


You were on level 3 of the Lair of Beasts.
You worshipped Hepliaklqana.
Hepliaklqana was greatly pleased with you.
You visited 2 branches of the dungeon, and saw 14 of its levels.
You also visited: Bailey.

You collected 911 gold pieces.
You spent 160 gold pieces at shops.

Inventory:

Hand Weapons
 A - the +10 spear "Akamae" (weapon) {venom, Contam *Noise rN+++ Int+8}
   (You bought it in a shop on level 2 of the Dungeon)

   It poisons the flesh of those it strikes.
   Int:       It affects your intelligence (+8).
   rN:        It renders you almost immune to negative energy.
   *Noise:    It may make noises in combat.
   Contam:    It causes magical contamination when unequipped.
 C - the +10 dagger "Jyawueb" {vorpal, rF+ rC- Will++}
   (You found it on level 5 of the Dungeon)

   It inflicts extra damage upon your enemies.
   rF:        It protects you from fire.
   rC:        It makes you vulnerable to cold.
   Will:      It greatly increases your willpower.
Missiles
 y - a throwing net
 H - 2 silver javelins
Armour
 c - a +0 buckler (worn)
 e - a +2 cloak (worn)
 u - a +0 pair of boots (worn)
 E - a +2 hat (worn)
 P - a +1 chain mail of positive energy (worn)
Jewellery
 r - a ring of poison resistance (left hand)
 J - a ring of see invisible (right hand)
 N - a ring of flight
Wands
 a - a wand of light (7)
 w - a wand of polymorph (2)
 B - a wand of flame (50)
 G - a wand of iceblast (5)
Scrolls
 b - 2 scrolls of amnesia {unknown}
 f - a scroll of noise
 h - a scroll of fear
 j - 3 scrolls of enchant armour {unknown}
 k - 6 scrolls of vulnerability
 p - 2 scrolls of immolation
 q - 7 scrolls of fog
 s - 3 scrolls of enchant weapon {unknown}
 t - a scroll of blinking {unknown}
 v - 10 scrolls of teleportation
 z - 2 scrolls of poison {unknown}
 D - a scroll of silence {unknown}
 I - a scroll of summoning {unknown}
 M - a scroll of acquirement {unknown}
Potions
 d - 3 potions of heal wounds
 g - 5 potions of haste
 i - a potion of brilliance
 l - 3 potions of lignification {unknown}
 m - 7 potions of curing
 n - 2 potions of berserk rage {unknown}
 o - 2 potions of degeneration {unknown}
 x - 2 potions of cancellation {unknown}
 F - a potion of resistance {unknown}
 O - 2 potions of attraction {unknown}
Miscellaneous
 L - a box of beasts


   Skills:
 - Level 15.0 Fighting
 - Level 8.0(9.1) Axes
 + Level 6.1(7.7) Polearms
 - Level 10.0 Armour
 * Level 13.0 Dodging
 - Level 3.2 Shields


You had 11 spell levels left.
You didn't know any spells.
Your spell library contained the following spells:

 Spells                   Type           Power      Damage    Failure   Level
 Apportation              Tloc           0%         N/A       87%         1
 Foxfire                  Conj/Fire      0%         2x1d4     87%         1
 Freeze                   Ice            0%         1d3       87%         1
 Necrotise                Necr           0%         1d4       87%         1
 Slow                     Hex            0%         N/A       87%         1
 Summon Small Mammal      Summ           0%         N/A       87%         1
 Ensorcelled Hibernation  Hex/Ice        0%         N/A       95%         2
 Passwall                 Tmut/Erth      0%         N/A       95%         2
 Call Canine Familiar     Summ           0%         N/A       99%         3
 Confusing Touch          Hex            0%         N/A       99%         3
 Conjure Flame            Conj/Fire      0%         6-21      99%         3
 Frozen Ramparts          Ice            0%         1d1       99%         3
 Gell's Gravitas          Tloc           0%         N/A       99%         3
 Inner Flame              Hex/Fire       0%         N/A       99%         3
 Summon Guardian Golem    Hex/Summ       0%         N/A       99%         3
 Swiftness                Air            0%         N/A       99%         3
 Teleport Other           Tloc           0%         N/A       99%         3
 Vampiric Draining        Necr           0%         2d6       99%         3
 Flame Wave               Conj/Fire      0%         2d4       100%        4
 Hailstorm                Conj/Ice       0%         3d3       100%        4
 Leda's Liquefaction      Hex/Erth       0%         N/A       100%        4
 Alistair's Intoxication  Tmut/Pois      0%         N/A       100%        5
 Lee's Rapid Deconstruct  Erth           0%         3d5*      100%        5
 Yara's Violent Unravell  Hex/Tmut       0%         3d3       100%        5
 Dispersal                Tloc           0%         N/A       100%        6
 Statue Form              Tmut/Erth      0%         N/A       100%        6
 Enfeeble                 Hex            0%         N/A       100%        7
 Chain Lightning          Conj/Air       0%         N/A       100%        9
 Fire Storm               Conj/Fire      0%         5d1       100%        9
 Shatter                  Erth           0%         3d5*      100%        9


Dungeon Overview and Level Annotations

Branches:
Dungeon (11/15)            Temple (0/1) D:7            Lair (3/5) D:10
 Shoals (0/4) Lair:2          Orc (0/2) D:10         Bailey (visited)
  Snake: Lair:2-3    Spider: Lair:2-3

Altars:
Cheibriados
Elyvilon
Fedhas
Gozag
Hepliaklqana
Trog
Uskayaw
Vehumet
Xom
Zin
The Shining One

Shops:
D:2 (   D:3 !*   D:7 (*


Innate Abilities, Weirdness & Mutations

Your life essence is reduced to manifest your ancestor. (-10% HP)
You are amphibious.
You cover ground slowly.
You can hop short distances.
You have an extended range of vision and can be seen from far away.


Message History

You puncture the blink frog!
The blink frog is moderately wounded.
You block the blink frog's attack.
The scorpion stings you but does no damage.
The blink frog hits you.
* * * LOW HITPOINT WARNING * * *
You block the blink frog's attack.
The blink frog hits you but does no damage.
You block the blink frog's attack. The wolf attacks as you move away!
The wolf bites you but does no damage. The scorpion misses you.
The wolf bites you but does no damage.
The boulder beetle stops rolling and uncurls.
The blink frog closely misses you.
The blink frog attacks as you move away!
The blink frog misses you.
The cane toad seems to regain its courage.
The komodo dragon bites the plant!!
The plant begins to die.
You block the wolf's attack.
The boulder beetle leaps!
The scorpion stings you.
* * * LOW HITPOINT WARNING * * *
The komodo dragon seems to regain its courage.
The komodo dragon bites the plant.
Cornered, the komodo dragon turns to fight!
The boulder beetle curls into a ball and begins rolling!
The wolf closely misses you. You block the blink frog's attack.
Reach: A) +10 spear "Akamae" {venom, Contam *Noise rN+++ Int+8}
Press: ? - help, Dir - move target, f - scorpion
Aim: a scorpion (about 25% to evade the +10 spear "Akamae")
The wolf is in the way.
You closely miss the wolf.
The wolf is almost dead.
The wolf bites you but does no damage. The blink frog closely misses you.
Your legs are too worn out to hop.
Reach: A) +10 spear "Akamae" {venom, Contam *Noise rN+++ Int+8}
Press: ? - help, Dir - move target, f/p - scorpion
Aim: a scorpion (about 25% to evade the +10 spear "Akamae")
The wolf is in the way.
You miss the wolf.
The wolf is almost dead.
The wolf bites you!
* * * LOW HITPOINT WARNING * * *
The komodo dragon bites you.
You die...

#...#### .$## ##
##†....#####
.....#P####<..........
##...................
#P........†.....F°...
........#.......B.....
#....#..###.Fs.......#
#..# ##. #.#hF.#.#.##
.# .F ###@..###..#
#........l.# ..
.....P.....#
.........P##
=##..#.....# #.
##....# .. #..... .
...... ....##.


You could see a boulder beetle (rolling), a komodo dragon, a cane toad, 2 blink
frogs, a wolf (poisoned) and a scorpion.

Vanquished Creatures
  A two-headed ogre (D:11)
  2 death yaks (D:9)
  2 manticores (D:11)
  A merfolk siren (Lair:2)
  2 cane toads
  3 black mambas
  A gargoyle (D:10)
  3 merfolk (Lair:2)
  A polar bear (Lair:2)
  A troll (D:11)
  2 blink frogs (Lair:1)
  2 hornets
  Sigmund (D:2)
  A wraith (D:11)
  A vampire (D:8)
  A wyvern (D:11)
  16 yaks
  A basilisk (Lair:2)
  2 steam dragons
  2 vampire mosquitoes (D:11)
  2 wargs (D:10)
  A water moccasin (Lair:3)
  The ghost of AGayBaby the Covert, an amateur SpDe of Uskayaw (D:3)
  3 black bears
  2 ice beasts
  3 orc warriors
  3 ogres
  8 wolves (Lair:2)
  A centaur (D:9)
  4 phantoms
  5 kobold brigands
  8 bullfrogs
  4 scorpions
  A necrophage (D:7)
  6 wights
  11 killer bees
  3 howler monkeys
  A bullfrog zombie (D:4)
  2 jellies
  2 centaur zombies (D:4)
  5 orc priests
  3 hounds
  A centaur skeleton (D:4)
  Terence (D:2)
  2 scorpion zombies (D:4)
  A hexer (D:10)
  An iguana (D:4)
  3 orc wizards
  A hound skeleton (D:4)
  Robin (D:4)
  3 gnolls (D:5)
  4 adders
  A shadow imp (D:7)
  A white imp (D:8)
  An adder skeleton (D:4)
  6 worms
  5 dart slugs
  21 orcs
  5 endoplasms
  3 giant cockroaches
  17 goblins
  14 hobgoblins
  15 jackals
  30 kobolds
  7 quokkas
  6 ball pythons
  5 bats
  3 frilled lizards (D:1)
  4 rats (D:1)
  A spectral kobold (D:6)
288 creatures vanquished.

Vanquished Creatures (collateral kills)
  A death yak (D:10)
  An oklob plant (D:11)
  A cane toad (Lair:2)
  Psyche (D:10)
  A komodo dragon (Lair:1)
  A blink frog (Lair:1)
  12 yaks
  A wyvern (D:9)
  2 vampire mosquitoes (D:11)
  2 wargs (D:10)
  2 water moccasins
  4 wolves (Lair:2)
  2 centaurs
  A bullfrog (Lair:2)
  A scorpion (Lair:3)
  A wight (D:9)
  A killer bee (D:9)
  An orc priest (D:9)
  A goblin (D:8)
  6 kobolds
43 creatures vanquished.

Vanquished Creatures (others)
  A centaur (D:6)
  4 ancestors
  8 hexers
  An orc wizard (D:7)
  8 bushes (D:10)
  7 fungi (Lair:2)
  10 plants
  3 withered plants (D:4)
42 creatures vanquished.

Grand Total: 373 creatures vanquished

Notes
Turn   | Place    | Note
-------+----------+-------------------------------------------
     0 | D:1      | PyroL the Barachi Fighter began the quest for the Orb.
     0 | D:1      | Reached XP level 1. HP: 18/18 MP: 1/1
   234 | D:1      | Reached XP level 2. HP: 25/25 MP: 2/2
   260 | D:1      | Reached skill level 4 in Fighting
   577 | D:1      | Reached XP level 3. HP: 31/31 MP: 3/3
   663 | D:1      | Found a faded altar of an unknown god.
   983 | D:2      | Found Qico's Antique Weapon Shoppe.
  1033 | D:2      | Noticed Terence
  1047 | D:2      | Killed Terence
  1048 | D:2      | Reached XP level 4. HP: 14/38 MP: 4/4
  1272 | D:2      | Reached skill level 5 in Fighting
  1377 | D:2      | Noticed Sigmund
  1412 | D:2      | Killed Sigmund
  1413 | D:2      | Reached skill level 6 in Fighting
  1413 | D:2      | Reached skill level 5 in Axes
  1413 | D:2      | Reached XP level 5. HP: 17/46 MP: 5/5
  1413 | D:2      | Reached XP level 6. HP: 19/52 MP: 6/6
  2035 | D:3      | Found Teol's Distillery.
  2072 | D:3      | Found Zin's Purification Station.
  2072 | D:3      | Found a glowing silver altar of Zin.
  2445 | D:4      | Found a runed translucent door.
  2470 | D:4      | Noticed Robin
  2477 | D:4      | Killed Robin
  2528 | D:4      | Identified the +1 dagger "Judi" {drain, Will+}
  2628 | D:4      | Noticed AGayBaby's ghost (amateur SpDe)
  2647 | D:4      | Noticed an ice beast
  2667 | D:3      | Killed AGayBaby's ghost
  2668 | D:3      | Reached skill level 7 in Fighting
  2668 | D:3      | Reached XP level 7. HP: 22/60 MP: 7/7
  3376 | D:4      | Reached skill level 8 in Fighting
  3490 | D:4      | Reached XP level 8. HP: 68/68 MP: 8/8
  3651 | D:4      | Found a glowing golden altar of the Shining One.
  3755 | D:2      | Bought a faintly glowing spear for 160 gold pieces
  3755 | D:2      | Identified the +10 spear "Akamae" {venom, Contam *Noise
                  | rN+++ Int+8} (You bought it in a shop on level 2 of the
                  | Dungeon)
  3814 | D:5      | Entered Level 5 of the Dungeon
  4008 | D:5      | Identified the +10 dagger "Jyawueb" {vorpal, rF+ rC-
                  | Will++}
  4032 | D:5      | Reached skill level 9 in Fighting
  4155 | D:5      | Reached skill level 1 in Dodging
  4688 | D:6      | Reached XP level 9. HP: 78/78 MP: 9/9
  4758 | D:6      | Reached skill level 10 in Fighting
  4758 | D:6      | Reached skill level 5 in Armour
  5197 | D:6      | Found a radiant altar of Vehumet.
  5275 | D:6      | Found a hazy altar of Hepliaklqana.
  5288 | D:6      | Became a worshipper of Hepliaklqana the Forgotten
  5405 | D:7      | Found a staircase to the Ecumenical Temple.
  5475 | D:7      | Found Yttuddus's Antique Weapon Emporium.
  5695 | D:7      | Found Waosk's Whimsical Warehouse.
  5818 | D:7      | Noticed a hornet
  5822 | D:7      | Killed a hornet
  5823 | D:7      | Reached skill level 5 in Dodging
  5859 | D:7      | Reached skill level 11 in Fighting
  6499 | D:8      | Reached * piety under Hepliaklqana
  6655 | D:8      | Reached XP level 10. HP: 79/79 MP: 10/10
  6837 | D:8      | Found a flagged portal.
  6848 | Bailey   | Entered a bailey
  7597 | D:9      | Reached skill level 12 in Fighting
  8121 | D:9      | Reached ** piety under Hepliaklqana
  8122 | D:9      | Remembered your ancestor RNGesus as a hexer
  8123 | D:9      | Upgraded the game from 0.30-a0-29-g142975f185 to
                  | 0.30-a0-34-gbe8da3892a
  8155 | D:9      | Found a hide-covered altar of Uskayaw.
  8626 | D:9      | Reached skill level 13 in Fighting
  8916 | D:10     | Entered Level 10 of the Dungeon
  8949 | D:10     | Found a snail-covered altar of Cheibriados.
  8968 | D:10     | Noticed a gargoyle
  8977 | D:10     | Killed a gargoyle
  9052 | D:10     | Noticed a death yak
  9056 | D:10     | Noticed a death yak
  9059 | D:10     | Noticed a death yak
  9073 | D:10     | Reached XP level 11. HP: 69/88 MP: 11/11
  9495 | D:10     | Reached skill level 1 in Polearms
  9508 | D:9      | Killed a death yak
  9819 | D:9      | Killed a death yak
  9979 | D:10     | Killed a death yak
 10142 | D:10     | Found a staircase to the Lair.
 10177 | D:10     | Found an opulent altar of Gozag.
 10232 | D:10     | Noticed Psyche
 10239 | D:10     | Killed Psyche
 10240 | D:10     | Reached skill level 14 in Fighting
 10260 | D:10     | Found a staircase to the Orcish Mines.
 10273 | D:10     | Reached skill level 10 in Dodging
 10858 | D:10     | Found a bloodstained altar of Trog.
 10858 | D:10     | Found a shimmering altar of Xom.
 10865 | D:10     | Found a faded altar of an unknown god.
 10961 | D:10     | Found a blossoming altar of Fedhas.
 10963 | D:10     | Found a white marble altar of Elyvilon.
 11049 | D:11     | Noticed an oklob plant
 11058 | D:11     | Killed an oklob plant
 11266 | D:11     | Noticed a manticore
 11277 | D:11     | Killed a manticore
 11344 | D:11     | Reached *** piety under Hepliaklqana
 11354 | D:11     | Noticed a manticore
 11368 | D:11     | Killed a manticore
 11661 | D:11     | Reached XP level 12. HP: 84/97 MP: 12/12
 11993 | D:11     | Noticed a two-headed ogre
 12008 | D:11     | Killed a two-headed ogre
 12262 | Lair:1   | Entered Level 1 of the Lair of Beasts
 12370 | Lair:1   | Reached skill level 15 in Fighting
 13378 | Lair:2   | Reached skill level 10 in Armour
 13480 | Lair:2   | Reached skill level 5 in Polearms
 14001 | Lair:2   | Found a staircase to the Shoals.
 14051 | Lair:2   | Reached **** piety under Hepliaklqana
 14476 | Lair:3   | Noticed a boulder beetle
 14502 | Lair:3   | Slain by a komodo dragon

Illustrated notes

Levels and vault maps discovered:
D:1:      lightli_arrival_farm, layout_basic, dreamdust_ecumenical_altar_grove
D:2:      layout_basic, serial_shops, shop, uniq_terence, uniq_sigmund
D:3:      layout_rooms, zin_purify, serial_shops, shop
D:4:      minmay_evil_eye, layout_cave_pools, tso_oasis_becter,
          ebering_ghost_reflecting_pool, serial_undead, serial_undead_f,
          serial_undead_f, serial_undead_f, serial_undead_c, uniq_robin
D:5:      layout_loops_ring
D:6:      layout_basic, nicolae_hepliaklqana_monster_ancestors,
          amcnicky_altar_gilded
D:7:      layout_loops_cross, temple_doors_ab, serial_shops,
          nicolae_lakefront_shop, nicolae_alphabet_shops,
          nicolae_underground_beach
D:8:      layout_basic, enter_bailey_3, chequers_serial_rivers_micro_b
D:9:      layout_grid_maze, nicolae_overflow_hidden_temple
D:10:     minmay_klotski, layout_irregular_city,
          mainiacjoe_overflow_surrounded_room, kennysheep_slug_shrine,
          chequers_temple_overflow_minitemple, dpeg_lair_monsters,
          minmay_orc_entry_guard_dogs, uniq_psyche
D:11:     layout_gridville, dpeg_stationary_puzzle
Lair:1:   layout_misc_corridors
Lair:2:   layout_chaotic_city, elwin_shoals_entry_stream, grunt_megastairs_5,
          infiniplex_staircase_pool_2
Lair:3:   layout_gridlike, nicolae_spider_entry_non_spiders, grunt_megastairs_1

Skill      XL: |  1  2  3  4  5  6  7  8  9 10 11 12 |
---------------+-------------------------------------+-----
Fighting       | 4 6 7 8 9 11 13 14 15 | 15.0
Axes           | 3 5 7 8 |  8.0
Armour         | 4 6 8 9 10 | 10.0
Dodging        | 2 6 8 10 13 | 13.0
Polearms       | 3 6 |  6.1
Shields        | |  3.2

Action                   |  1- 3 |  4- 6 |  7- 9 | 10-12 || total
-------------------------+-------+-------+-------+-------++-------
Melee: War axe           |    91 |   155 |   106 |       ||   352
       Spear             |       |       |   227 |   516 ||   743
Invok: Ancestor Life: He |       |       |       |     1 ||     1
       Ancestor Identity |       |       |       |     1 ||     1
 Abil: Hop               |       |       |     1 |     9 ||    10
  Use: Potion            |       |     2 |       |     2 ||     4
       Scroll            |       |     2 |     2 |     5 ||     9
 Stab: Confused          |       |       |       |     6 ||     6
       Distracted        |       |       |       |     5 ||     5
Armor: Scale mail        |    49 |    94 |   161 |    14 ||   318
       Chain mail        |       |       |       |   186 ||   186
Dodge: Dodged            |    41 |    85 |   131 |   270 ||   527
Block: Buckler           |    24 |    39 |    53 |    89 ||   205

Table legend: (Time is in decaauts)
 A = Elapsed time spent in this place.
 B = Non-inter-level travel time spent in this place.
 C = Inter-level travel time spent in this place.
 D = Time resting spent in this place.
 E = Time spent auto-exploring this place.
 F = Levels seen in this place.
 G = Mean time per level.
                   A        B        C        D        E       F      G
               +--------+--------+--------+--------+--------+-----+--------+
         Total |  16131 |  15100 |   1031 |   2416 |   9998 |  15 | 1075.4 |
       Dungeon |  13856 |  12908 |    948 |   2416 |   8117 |  11 | 1259.6 |
          Lair |   2244 |   2162 |     82 |      0 |   1870 |   3 |  748.0 |
        Bailey |     30 |     30 |      0 |      0 |      9 |   1 |   30.0 |
               +--------+--------+--------+--------+--------+-----+--------+

Top non-repeatable levels by time:
     D:9: 2447 daAuts
    D:10: 1521 daAuts
     D:8: 1311 daAuts
    D:11: 1283 daAuts
     D:7: 1276 daAuts
  Lair:2: 1263 daAuts
     D:2: 1191 daAuts
     D:4: 1173 daAuts
     D:1: 1153 daAuts
  Lair:1: 927 daAuts
     D:6: 849 daAuts
     D:5: 836 daAuts
     D:3: 810 daAuts
  Lair:3: 54 daAuts
  Bailey: 30 daAuts
